 Dungeon Sprint DCSS version 0.27-a0-1322-gfdffb62a71 (webtiles) character file.

Game seed: 9473734571066532340

49 rocky1 the Shield-Bearer (level 4, 0/38 HPs)
             Began as a Formicid Fighter on June 23, 2021.
             Slain by a black bear (5 damage)
             ... in the Dungeon (Sprint IX: "|||||||||||||||||||||||||||||").
             The game lasted 00:00:28 (49 turns).

rocky1 the Shield-Bearer (Formicid Fighter)           Turns: 49, Time: 00:00:29

Health: 0/38       AC:  7    Str: 21    XL:     4   Next: 1%
Magic:  4/4        EV:  9    Int:  8    God:
Gold:   0          SH: 10    Dex: 10    Spells: 3/3 levels left

rFire    . . .     SeeInvis +   a - +0 long sword
rCold    . . .     Faith    .   c - +0 kite shield
rNeg     . . .     Spirit   .   b - +0 scale mail
rPois    .         Reflect  .   (helmet unavailable)
rElec    .         Harm     .   (no cloak)
rCorr    .         Rampage  .   (no gloves)
Will     .....                  (no boots)
Stlth    ..........             (no amulet)
HPRegen  0.12/turn              (no ring)
MPRegen  0.09/turn              (no ring)

@: no status effects
A: permanent stasis, dig shafts and tunnels, antennae 3, four strong arms
a: Dig


You were in the Dungeon.
You visited 1 branch

Inventory:

Hand Weapons
 a - a +0 long sword (weapon)
Armour
 b - a +0 scale mail (worn)
 c - a +0 kite shield (worn)
Potions
 d - a potion of might
 e - a potion of curing
 f - a potion of heal wounds
 g - 2 potions of magic


   Skills:
 + Level 4.7 Fighting
 + Level 3.6 Long Blades
 + Level 4.7 Armour
 + Level 2.5 Dodging
 + Level 5.2 Shields


You had 3 spell levels left.
You didn't know any spells.
Your spell library was empty.

Dungeon Overview and Level Annotations

Branches:
Dungeon (1/1)

Altars:


Innate Abilities, Weirdness & Mutations

You cannot be hasted, slowed, berserked, paralysed or teleported.
You can dig through walls and to a lower floor.
You have a pair of large antennae on your head. (SInv)
Your four strong arms can wield two-handed weapons with a shield.


Message History

Your Dodging skill increases to level 2!
Your Shields skill increases to level 5!
You have reached level 4!
You feel clever.
You hit the black bear.
The black bear is lightly wounded.
The black bear bites you but does no damage.
The black bear claws you.
* * * LOW HITPOINT WARNING * * *
The black bear claws you but does no damage.
You hit the black bear.
The black bear is lightly wounded.
You block the black bear's attack. The black bear barely misses you.
The black bear claws you but does no damage.
You slash the black bear!
The black bear is heavily wounded.
The black bear bites you but does no damage.
The black bear claws you.
* * * LOW HITPOINT WARNING * * *
The black bear claws you but does no damage.
The black bear bites you but does no damage.
The black bear claws you but does no damage.
The black bear closely misses you.
You hit the black bear.
The black bear is severely wounded.
The black bear bites you.
* * * LOW HITPOINT WARNING * * *
You block the black bear's attack. The black bear barely misses you.
You closely miss the black bear.
The black bear is severely wounded.
You block the black bear's attack. The black bear closely misses you.
You block the black bear's attack.
Unknown command.
You barely miss the black bear.
The black bear is severely wounded.
The black bear bites you.
* * * LOW HITPOINT WARNING * * *
The black bear closely misses you. You block the black bear's attack.
The black bear bites you.
You die...

▓+▓
▓.▓
▓.▓
▓.▓
▓.▓
▓Z▓
▓h▓
▓@▓
▓.▓
▓.▓
▓)▓
▓†▓
▓†▓
▓.▓
▓.▓
▓.▓


You could see a black bear and a jackal zombie.

Vanquished Creatures
  A gnoll shaman (D)
  An adder (D)
  An ufetubus (D)
  A dart slug (D)
  A ball python (D)
  A kobold (D)
  2 rats (D)
8 creatures vanquished.

Notes
Turn   | Place    | Note
-------+----------+-------------------------------------------
     0 | D        | rocky1 the Formicid Fighter began the quest for the Orb.
     0 | D        | Reached XP level 1. HP: 18/18 MP: 1/1
     1 | D        | Banished a spatial maelstrom
    11 | D        | Reached skill level 1 in Dodging
    11 | D        | Reached skill level 4 in Shields
    31 | D        | Noticed a black bear
    31 | D        | Noticed a gnoll shaman
    33 | D        | Reached XP level 2. HP: 24/25 MP: 2/2
    39 | D        | Reached XP level 3. HP: 12/30 MP: 3/3
    44 | D        | Reached skill level 5 in Shields
    44 | D        | Reached XP level 4. HP: 14/38 MP: 4/4
    49 | D        | Slain by a black bear

Illustrated notes

Levels and vault maps discovered:
D:        linesprint [early_d, line_temple, items_1, d_10, items_2, lair_1,
          lair_end, items_3, orc_1, orc_end, items_4, d_15, swamp_1, shoals_1,
          snake_1, spider_1, d_20, vaults_1, items_5, swamp_end, shoals_end,
          snake_end, spider_end, vaults_end, d_27, items_6, zot_1, zot_end,
          crypt_end, forest_end, elf_end, slime_end, tomb_end, abyss_end,
          pan_hell_end]

Skill      XL: |  1  2  3 |
---------------+----------+-----
Dodging        | 1 2 |  2.5
Shields        | 4 5 |  5.2
Fighting       | 4 |  4.7
Armour         | 4 |  4.7
Long Blades    | 3 |  3.6

Action                   |  1- 3 |  4- 6 || total
-------------------------+-------+-------++-------
Melee: Long sword        |    22 |     6 ||    28
Armor: Scale mail        |    12 |     7 ||    19
Dodge: Dodged            |     7 |     5 ||    12
Block: Kite shield       |    15 |     5 ||    20

Table legend: (Time is in decaauts)
 A = Elapsed time spent in this place.
 B = Non-inter-level travel time spent in this place.
 C = Inter-level travel time spent in this place.
 D = Time resting spent in this place.
 E = Time spent auto-exploring this place.
 F = Levels seen in this place.
 G = Mean time per level.
                   A        B        C        D        E       F      G
               +--------+--------+--------+--------+--------+-----+--------+
         Total |     59 |     59 |      0 |     11 |      0 |   1 |   59.0 |
       Dungeon |     59 |     59 |      0 |     11 |      0 |   1 |   59.0 |
               +--------+--------+--------+--------+--------+-----+--------+

Top non-repeatable levels by time:
       D: 59 daAuts
